 Dungeon Crawl Stone Soup version 0.24-a0-176-gc3651c4 (webtiles) character file.

Game seed: 6982556569525729555

54 Dfrag the Firebug (level 3, 6/24 HPs)
             Began as a Demonspawn Fire Elementalist on Mar 12, 2019.
             Quit the game on level 2 of the Dungeon.
             The game lasted 00:02:50 (1176 turns).

Dfrag the Firebug (Demonspawn Fire Elementalist)    Turns: 1176, Time: 00:02:50

Health: 6/24       AC:  2    Str:  8    XL:     3   Next: 66%
Magic:  0/7        EV: 11    Int: 17    God:
Gold:   68         SH:  0    Dex: 13    Spells: 6/7 levels left

rFire    . . .     SeeInvis .   (no weapon)
rCold    . . .     Gourm    .   (no shield)
rNeg     . . .     Faith    .   a - +0 robe
rPois    .         Spirit   .   (no helmet)
rElec    .         Reflect  .   (no cloak)
rCorr    .         Harm     .   (no gloves)
MR       .....                  (no boots)
Stlth    +.........             g - amulet of inaccuracy (curse)
HPRegen  0.08/turn              (no ring)
MPRegen  0.10/turn              (no ring)

@: very slightly contaminated, heavily drained
A: hooves 2
a: no special abilities


You were on level 2 of the Dungeon.
You were not hungry.

You visited 1 branch of the dungeon, and saw 2 of its levels.

You collected 68 gold pieces.

Inventory:

Armour
 a - a +0 robe (worn)
Jewellery
 f - an uncursed amulet of harm
 g - a cursed amulet of inaccuracy (around neck)
Scrolls
 h - a scroll of noise {unknown}
 i - a scroll of immolation
Potions
 b - 2 potions of curing {unknown}
 d - a potion of heal wounds
 e - 2 potions of cancellation {unknown}
Comestibles
 c - a ration


   Skills:
 - Level 1.7(0.2) Dodging
 - Level 1.7(0.2) Stealth
 + Level 2.7(1.1) Spellcasting
 + Level 2.1(0.6) Conjurations
 + Level 3.3(1.7) Fire Magic


You had 6 spell levels left.
You knew the following spells:

 Your Spells              Type           Power        Failure   Level  Hunger
a - Flame Tongue          Conj/Fire      #....        13%         1    ##.....

Your spell library contained the following spells:

 Spells                   Type           Power        Failure   Level  Hunger
 Throw Flame              Conj/Fire      #.....       21%         2    ###....
 Conjure Flame            Conj/Fire      #.......     36%         3    ####...
 Inner Flame              Hex/Fire       #.......     41%         3    ####...
 Sticky Flame             Conj/Fire      #.......     78%         4    #####..
 Fireball                 Conj/Fire      #.........   98%         5    ######.


Dungeon Overview and Level Annotations

Branches:
Dungeon (2/15)

Altars:


Innate Abilities, Weirdness & Mutations

You have hoof-like feet.


Message History

Unknown command.
Casting: Flame Tongue (safe; 13% risk of failure)
Confirm with . or Enter, or press ? or * to list all spells.
Aiming: Flame Tongue (safe; 13% risk of failure)
Press: ? - help, Shift-Dir - straight line, f/p - gnoll
Aim: a gnoll, wielding a +0 spear (moderately wounded)
You miscast Flame Tongue.
Nothing appears to happen.
The gnoll hits you from afar with a +0 spear.
* * * LOW HITPOINT WARNING * * *
Unknown command.
Casting: Flame Tongue (safe; 13% risk of failure)
Confirm with . or Enter, or press ? or * to list all spells.
Aiming: Flame Tongue (safe; 13% risk of failure)
Press: ? - help, Shift-Dir - straight line, f/p - gnoll
Aim: a gnoll, wielding a +0 spear (moderately wounded)
The flame tongue hits the gnoll!
The gnoll is heavily wounded.
The gnoll barely misses you. The gnoll completely misses you.
Unknown command.
Are you sure you want to abandon this character and quit the game? (Confirm with "yes".)

.# #.# .# #.# .### #.# ...####
###.# ......########...##
...##.............#
.........#####.##.#
.#######.#####.##.###########.#
## #........@gggg........#
######..#####.###.####.#
####..#####.# #.# #....)......#
#.# #.....####### #.# #.###.#
#.# #.# #.# #.## #.# #.# #..#
#.###)# ##.#


You could see 4 gnolls.

Vanquished Creatures
  An adder (D:2)
  An ooze (D:1)
  A dart slug (D:2)
  A leopard gecko (D:2)
  A giant cockroach (D:2)
  4 goblins
  6 hobgoblins
  9 jackals
  A quokka (D:2)
  A ball python (D:2)
  A bat (D:2)
  A kobold (D:2)
  6 rats
34 creatures vanquished.

Notes
Turn   | Place    | Note
-------+----------+-------------------------------------------
     0 | D:1      | Dfrag the Demonspawn Fire Elementalist began the quest for
                  | the Orb.
     0 | D:1      | Reached XP level 1. HP: 13/13 MP: 3/3
   190 | D:1      | Gained mutation: You have large cloven feet. [demonic
                  | ancestry]
   190 | D:1      | Reached XP level 2. HP: 14/19 MP: 0/5
   419 | D:1      | Reached skill level 3 in Fire Magic
   639 | D:2      | Gained mutation: You have hoof-like feet. [demonic
                  | ancestry]
   639 | D:2      | Reached XP level 3. HP: 13/24 MP: 0/6
   737 | D:2      | Found a faded altar of an unknown god.
  1176 | D:2      | Quit the game

Levels and vault maps discovered:
D:1:      nicolae_arrival_washed_ashore, layout_basic
D:2:      layout_loops_ring, chequers_ecumenical_altar_island, minmay_domino_4

Skill      XL: |  1  2  3 |
---------------+----------+-----
Fire Magic     | 3 |  3.3
Conjurations   | 2 |  2.1
Dodging        | |  1.7
Stealth        | |  1.7
Spellcasting   | |  2.7

Action                   || total
-------------------------++-------
Melee: Unarmed           ||    53
       Kick              ||     7
 Cast: Flame Tongue      ||    61
  Use: Potion            ||     1
       Scroll            ||     1
  Eat: Chunk             ||     2
Armor: Robe              ||    23
Dodge: Dodged            ||    67

Table legend:
 A = Non-vault XP
 B = Vault XP
 C = Vault XP percentage of total XP
 D = Non-vault monster count
 E = Vault monster count
 F = Vault count percentage of total count
                 A         B        C        D         E       F
            +---------+---------+-------+---------+---------+-------
      Total |      63 |      15 |  19.2 |      32 |       2 |   5.9
            +---------+---------+-------+---------+---------+-------
        D:1 |      21 |       0 |   0.0 |       9 |       0 |   0.0
        D:2 |      42 |      15 |  26.3 |      23 |       2 |   8.0
            +---------+---------+-------+---------+---------+-------
